 Dungeon Crawl Stone Soup version 0.25.1-8-g42b30a86e7 (webtiles) character file.

Game seed: 6503605682124576327

4210 Abzac the Transmogrifier (level 10, 0/83 HPs)
             Began as a Red Draconian Transmuter on Dec 16, 2020.
             Slain by an unseen horror (7 damage)
             ... on level 10 of the Dungeon.
             The game lasted 00:42:35 (15640 turns).

Abzac the Transmogrifier (DrTm)                    Turns: 15640, Time: 00:42:36

Health: 0/83       AC:  7    Str: 14    XL:     10   Next: 8%
Magic:  14/16      EV: 17    Int: 15    God:
Gold:   423        SH:  0    Dex: 12    Spells: 8/17 levels left

rFire    . . .     SeeInvis .     - Unarmed
rCold    + . .     Gourm    .   (no shield)
rNeg     . . .     Faith    .   (armour unavailable)
rPois    .         Spirit   .   (helmet restricted)
rElec    .         Reflect  .   (no cloak)
rCorr    .         Harm     .   (no gloves)
MR       .....                  (no boots)
Stlth    +.........             (no amulet)
HPRegen  0.23/turn              y - +4 ring of evasion
MPRegen  0.15/turn              w - ring of ice

@: about to teleport, marked
A: breathe fire, unfitting armour, fire resistance 1, cold-blooded, AC +7
a: Breathe Fire


You were on level 10 of the Dungeon.
You were not hungry.

You visited 2 branches of the dungeon, and saw 11 of its levels.

You collected 465 gold pieces.
You spent 42 gold pieces at shops.

Inventory:

Missiles
 a - 153 arrows
Armour
 n - a +0 cloak of preservation
 t - a +0 tower shield
Jewellery
 w - a ring of ice (right hand)
 y - a +4 ring of evasion (left hand)
 B - an uncursed ring of protection from magic {unknown}
Wands
 v - a wand of iceblast (9)
 C - a wand of polymorph (9)
 D - a wand of flame (18)
Scrolls
 b - 2 scrolls of random uselessness {unknown}
 i - 2 scrolls of enchant armour
 j - 2 scrolls of magic mapping
 k - 2 scrolls of teleportation
 l - 4 scrolls of remove curse
 q - 2 scrolls of enchant weapon
 r - 2 scrolls of fear
 s - 3 scrolls of blinking {unknown}
 u - 3 scrolls of fog {unknown}
 z - a scroll of immolation {unknown}
Potions
 d - 2 potions of cancellation {unknown}
 e - a potion of stabbing {unknown}
 f - 4 potions of curing
 g - 4 potions of might
 h - 3 potions of haste
 m - 2 potions of ambrosia
 o - a potion of lignification {unknown}
 p - 4 potions of mutation
 x - a potion of heal wounds {unknown}
 A - a potion of invisibility
 E - a potion of degeneration {unknown}
Comestibles
 c - 13 rations
 F - 4 chunks of flesh


   Skills:
 * Level 5.9 Fighting
 + Level 4.0 Dodging
 - Level 6.5 Unarmed Combat
 - Level 4.0 Spellcasting
 - Level 10.2 Transmutations
 - Level 4.2 Poison Magic


You had 8 spell levels left.
You knew the following spells:

 Your Spells              Type           Power        Failure   Level  Hunger
a - Beastly Appendage     Tmut           ####..       1%          1    None
b - Spider Form           Tmut/Pois      ###.......   2%          3    ###....
c - Blade Hands           Tmut           ####......   8%          5    ######.

Your spell library contained the following spells:

 Spells                   Type           Power        Failure   Level  Hunger
 Sticks to Snakes         Tmut           ####....     1%          2    ##.....
 Ice Form                 Ice/Tmut       ####....     22%         4    ####...


Dungeon Overview and Level Annotations

Branches:
Dungeon (10/15)            Temple (1/1) D:7
   Lair: D:8-11         Orc: D:9-12

Altars:
Ashenzari
Cheibriados
Dithmenos
Elyvilon
Fedhas
Gozag
Hepliaklqana
Kikubaaqudgha
Makhleb
Nemelex Xobeh
Okawaru
Qazlal
Ru
Sif Muna
Trog
Uskayaw
Vehumet
Wu Jian
Xom
Yredelemnul
Zin
The Shining One

Shops:
D:4 !

Annotations:
D:5 Eustachio


Innate Abilities, Weirdness & Mutations

You can breathe blasts of fire.
Your fiery red scales are hard. (AC +7)
You cannot fit into any form of body armour.
Your flesh is heat resistant. (rF+)
You are cold-blooded and may be slowed by cold attacks.


Message History

The centaur is moderately wounded.
Something hits you. x2; The centaur closely misses you.
Something hits you.
* * * LOW HITPOINT WARNING * * *
The centaur barely misses you.
You slice the centaur!!
You kill the centaur!
Your Dodging skill increases to level 4!
Your hands revert to their normal proportions.
Something hits you.
* * * LOW HITPOINT WARNING * * *
Something hits you!
* * * LOW HITPOINT WARNING * * *
Something hits you but does no damage.
As you read the scroll of teleportation, it crumbles to dust.
You feel strangely unstable. Something hits you but does no damage.
Something hits you.
* * * LOW HITPOINT WARNING * * *
Something barely misses you. Something hits you!
You die...

#
#..#####
#....)@#
####
#..###.##
#...
#(.###
#...
##...##
#...
###..##
#.>.
##..#
#...
##.##
#... #..#
#... ##.#
#...


There were no monsters in sight!

Vanquished Creatures
  2 hippogriffs
  3 yaks (D:9)
  3 necrophages
  An orc warrior (D:7)
  A black bear (D:9)
  3 sky beasts
  A phantom (D:4)
  5 ogres
  2 centaurs
  A crocodile (D:9)
  Blork the orc (D:5)
  A big kobold (D:9)
  5 bullfrogs
  A wyvern skeleton (D:6)
  2 scorpions
  A killer bee (D:9)
  8 wights
  2 howler monkeys
  3 crimson imps (D:7)
  2 hounds
  A jelly (D:7)
  4 orc wizards
  2 orc priests (D:8)
  2 bullfrog skeletons
  Crazy Yiuf (D:3)
  A centaur skeleton (D:3)
  3 iguanas
  3 worker ants
  A hound zombie (D:6)
  2 worker ant zombies
  A gnoll (D:1)
  7 adders
  3 shadow imps
  An ooze (D:1)
  An adder skeleton (D:8)
  An adder zombie (D:8)
  A dart slug (D:1)
  6 worms
  10 leopard geckos
  32 orcs
  3 ball pythons (D:1)
  8 bats
  2 giant cockroaches
  5 goblins
  7 hobgoblins
  6 jackals
  6 kobolds
  4 quokkas
  3 frilled lizards
  A leopard gecko skeleton (D:7)
  6 rats
182 creatures vanquished.

Notes
Turn   | Place    | Note
-------+----------+-------------------------------------------
     0 | D:1      | Abzac the Draconian Transmuter began the quest for the Orb.
     0 | D:1      | Reached XP level 1. HP: 16/16 MP: 3/3
   157 | D:1      | Reached XP level 2. HP: 15/23 MP: 5/5
   629 | D:1      | Reached skill level 3 in Transmutations
   635 | D:1      | You fall into a shaft and drop 1 floor!
   652 | D:2      | Reached XP level 3. HP: 20/28 MP: 4/6
  1797 | D:1      | You fall into a shaft and drop 1 floor!
  1969 | D:2      | Reached XP level 4. HP: 12/35 MP: 6/8
  2565 | D:2      | Reached skill level 4 in Transmutations
  2635 | D:2      | Learned a level 3 spell: Spider Form
  3115 | D:3      | Reached skill level 1 in Poison Magic
  3150 | D:3      | Found a white marble altar of Elyvilon.
  3152 | D:3      | Noticed an ogre
  3327 | D:4      | Noticed a phantom
  3661 | D:4      | Reached XP level 5. HP: 28/40 MP: 9/9
  4012 | D:3      | Killed an ogre
  4219 | D:3      | Found a shattered altar of Ashenzari.
  4497 | D:3      | Found a runed translucent door.
  4498 | D:3      | Noticed Crazy Yiuf
  4590 | D:3      | Found a hide-covered altar of Uskayaw.
  4654 | D:3      | Reached XP level 6. HP: 23/47 MP: 10/10
  5051 | D:3      | Killed Crazy Yiuf
  5639 | D:4      | Reached skill level 5 in Transmutations
  5753 | D:4      | Found Obiept's Distillery.
  5764 | D:4      | Bought a potion of curing for 42 gold pieces
  6524 | D:5      | Entered Level 5 of the Dungeon
  6543 | D:5      | Noticed Blork the orc
  6555 | D:5      | Killed Blork the orc
  6555 | D:5      | Your scales start taking on a fiery red colour.
  6555 | D:5      | Reached XP level 7. HP: 37/55 MP: 9/12
  6555 | D:5      | Gained mutation: Your flesh is heat resistant. (rF+) [Red
                  | Draconian growth]
  6570 | D:5      | Noticed Eustachio
  7812 | D:6      | Found an iron altar of Okawaru.
  8022 | D:6      | Found a snail-covered altar of Cheibriados.
  8253 | D:6      | Reached skill level 6 in Transmutations
  8442 | D:6      | HP: 1/57 [wyvern skeleton (10)]
  8460 | D:6      | HP: 2/57 [wyvern skeleton (7)]
  8758 | D:5      | Found a stormy altar of Qazlal.
  8790 | D:5      | Found an opulent altar of Gozag.
  8816 | D:5      | Found a basalt altar of Yredelemnul.
  9030 | D:6      | Reached XP level 8. HP: 48/63 MP: 11/14
  9205 | D:7      | Found a staircase to the Ecumenical Temple.
  9210 | D:7      | Noticed a hippogriff
  9218 | Temple   | Entered the Ecumenical Temple
  9300 | D:7      | Killed a hippogriff
 10061 | D:7      | Reached skill level 5 in Unarmed Combat
 10088 | D:7      | Reached skill level 5 in Fighting
 10299 | D:7      | Reached skill level 7 in Transmutations
 11145 | D:8      | Found a shadowy altar of Dithmenos.
 11173 | D:8      | Noticed a hornet
 11192 | D:8      | Paralysed by a hornet for 1 turns
 11194 | D:8      | Paralysed by a hornet for 1 turns
 11204 | D:7      | HP: 3/66 [hornet (10)]
 12168 | D:8      | Reached XP level 9. HP: 68/74 MP: 13/15
 12246 | D:7      | Reached skill level 8 in Transmutations
 12742 | D:8      | Noticed a two-headed ogre
 12940 | D:8      | Found a glowing silver altar of Zin.
 13660 | D:8      | Reached skill level 9 in Transmutations
 13812 | D:9      | Learned a level 5 spell: Blade Hands
 13894 | D:9      | Found a blossoming altar of Fedhas.
 13990 | D:9      | Found a sparkling altar of Nemelex Xobeh.
 14296 | D:9      | Found a sacrificial altar of Ru.
 14403 | D:9      | Reached skill level 10 in Transmutations
 14965 | D:9      | Found a burning altar of Makhleb.
 15133 | D:10     | Entered Level 10 of the Dungeon
 15300 | D:10     | Reached XP level 10. HP: 81/81 MP: 10/16
 15640 | D:10     | Slain by an unseen horror

Illustrated notes

Levels and vault maps discovered:
D:1:      dpeg_arrival_round_c, layout_rooms, minmay_crystal_room
D:2:      layout_basic, minmay_hedge_maze
D:3:      kennysheep_big_flooded_room, layout_basic,
          cheibrodos_ashenzari_chains, lemuel_round_altar,
          eat_drink_and_be_merry_uskayaw, uniq_crazy_yiuf_cottage
D:4:      layout_basic, first_ration, serial_shops, shop, serial_glass,
          glass_columns_a, glass_columns_a, glass_columns_a, glass_columns_a,
          glass_columns_c, glass_columns_c, item_on_display_a,
          item_on_display_a, feat_on_display, minmay_strange_pillars
D:5:      layout_cave_pools, grunt_gozag_breadcrumbs, lemuel_round_altar,
          basic_altar, cheibrodos_sewer_entry_bend, minmay_lizard_king,
          uniq_blork_the_orc, uniq_eustachio, uniq_duvessa, uniq_menkaure
D:6:      layout_loops_ring, lemuel_coloured_pillars_altar,
          cheibrodos_worm_habitat
D:7:      layout_gridville, minmay_temple_entry_slanted
D:8:      layout_rooms, nicolae_dithmenos_the_darkroom, lemuel_crystal_altar,
          serial_co_window_serial, co_window_paths_b, co_window_paths_b,
          co_window_paths_a, co_window_paths_a, co_window_of_opportunity_a,
          co_window_corner_b, co_window_corner_ca, co_window_of_opportunity_b,
          co_window_paths_c, co_window_4corner_b, glass_columns_c,
          glass_columns_a, glass_columns_b, glass_columns_a, glass_columns_c
D:9:      layout_loops_ring, nicolae_ru_awakened_eye, lemuel_crystal_altar,
          kennysheep_mini, lemuel_doored_altar, blue_anna_alchemist
          [blue_anna_fruit_fields, blue_anna_fruit_fields],
          kennysheep_generic_room_6
D:10:     layout_rooms
Temple:   eino_wide_crystal_templ

Skill      XL: |  1  2  3  4  5  6  7  8  9 10 |
---------------+-------------------------------+-----
Transmutations | 3 4 5 6 7 10 | 10.2
Spellcasting   | 3 4 |  4.0
Poison Magic   | 1 3 4 |  4.2
Fighting       | 2 3 5 |  5.9
Unarmed Combat | 5 6 |  6.5
Dodging        | 3 4 |  4.0

Action                   |  1- 3 |  4- 6 |  7- 9 | 10-12 || total
-------------------------+-------+-------+-------+-------++-------
Melee: Unarmed           |   165 |   293 |   496 |    20 ||   974
       Tailslap          |    14 |    25 |    35 |     1 ||    75
       Kick              |     5 |     4 |       |       ||     9
       Punch             |     1 |     2 |     2 |     1 ||     6
       Headbutt          |     2 |     2 |       |       ||     4
 Cast: Beastly Appendage |    10 |     5 |       |       ||    15
       Spider Form       |       |    12 |    35 |       ||    47
       Blade Hands       |       |       |    12 |     5 ||    17
 Abil: Breathe Fire      |       |       |     4 |       ||     4
  Use: Potion            |       |     1 |     4 |       ||     5
       Scroll            |       |     7 |     6 |     1 ||    14
 Stab: Sleeping          |     1 |       |     2 |       ||     3
  Eat: Chunk             |     4 |     7 |    10 |       ||    21
       Ration            |       |     3 |     7 |     1 ||    11
Armor: Skin              |    65 |    70 |    81 |    13 ||   229
Dodge: Dodged            |   142 |   238 |   404 |    20 ||   804
